 Dungeon Crawl Stone Soup version 0.23.2-1-ga50397a (webtiles) character file.

Game seed: 4331682214014019803

1336 IBeShadow the Quickloader (level 8, 0/51 HPs)
             Began as a Kobold Hunter on Apr 25, 2019.
             Slain by a hippogriff (7 damage)
             ... on level 7 of the Dungeon.
             The game lasted 00:19:41 (7529 turns).

IBeShadow the Quickloader (Kobold Hunter)           Turns: 7529, Time: 00:19:41

Health: 0/51       AC:  8    Str: 11    XL:     8   Next: 92%
Magic:  8/8        EV: 14    Int: 13    God:
Gold:   240        SH:  0    Dex: 15    Spells: 7/7 levels left

rFire    . . .     SeeInvis .   a - +1 hand crossbow
rCold    . . .     Gourm    .   (shield restricted)
rNeg     . . .     Faith    .   n - +0 ring mail
rPois    +         Spirit   .   (no helmet)
rElec    .         Reflect  .   (no cloak)
rCorr    .         Harm     .   h - +2 pair of gloves
MR       .....                  (no boots)
Stlth    +.........             e - amulet of rage
HPRegen  0.17/turn              l - ring of poison resistance
MPRegen  0.11/turn              z - +1 ring of evasion

@: no status effects
A: small, carnivore
a: Evoke Berserk Rage


You were on level 7 of the Dungeon.
You were very full.

You visited 1 branch of the dungeon, and saw 7 of its levels.

You collected 280 gold pieces.
You spent 40 gold pieces at shops.

Inventory:

Hand Weapons
 a - a +1 hand crossbow (weapon)
 b - a +0 short sword
 k - a +0 rapier
 y - a +0 dagger of venom
 F - a +0 arbalest
Missiles
 d - 44 bolts (quivered)
Armour
 c - a +0 leather armour
 h - a +2 pair of gloves (worn)
 n - a +0 ring mail (worn)
Jewellery
 e - an amulet of rage (around neck)
 l - a ring of poison resistance (left hand)
 z - a +1 ring of evasion (right hand)
 H - an uncursed ring of fire
Wands
 C - a wand of acid (8)
Scrolls
 g - a scroll of identify
 i - 2 scrolls of amnesia {unknown}
 j - 3 scrolls of enchant armour {unknown}
 o - 6 scrolls of remove curse
 r - a scroll of teleportation {unknown}
 t - a scroll of fear {unknown}
 u - a scroll of fog {unknown}
 w - a scroll of enchant weapon {unknown}
 D - a scroll of immolation {unknown}
 G - a scroll of torment {unknown}
Potions
 m - 2 potions of degeneration
 p - a potion of curing
 q - 3 potions of agility
 s - a potion of berserk rage {unknown}
 v - 2 potions of lignification
 x - a potion of flight {unknown}
 A - a potion of might
 B - a potion of resistance
 E - a potion of invisibility {unknown}
Comestibles
 f - 17 rations


   Skills:
 + Level 5.9 Fighting
 + Level 6.4 Short Blades
 * Level 9.9 Crossbows
 - Level 2.4 Dodging
 - Level 1.3 Stealth


You had 7 spell levels left.
You didn't know any spells.
Your spell library contained the following spells:

 Spells                   Type           Power        Failure   Level  Hunger
 Animate Skeleton         Necr           N/A          58%         1    ##.....
 Pain                     Necr           #...         58%         1    ##.....
 Regeneration             Chrm/Necr      #.........   92%         3    ####...
 Vampiric Draining        Necr           #.........   92%         3    ####...
 Animate Dead             Necr           N/A          100%        4    #####..


Dungeon Overview and Level Annotations

Branches:
Dungeon (7/15)
 Temple: D:4-7

Altars:
Elyvilon
Fedhas
Gozag
Makhleb
Nemelex Xobeh
Trog
Uskayaw
Wu Jian
Zin

Shops:
D:4 !


Innate Abilities, Weirdness & Mutations

You are small and have problems with some larger weapons.
You are carnivorous and can eat meat at any time.


Message History

The hippogriff is almost dead.
The hippogriff completely misses you. x2; The hippogriff closely misses you.
Firing (i - inventory)
d - 46 bolts (quivered)
Press: ? - help, Shift-Dir - straight line, f/p - hippogriff
Aim: a hippogriff (almost dead)
You shoot a bolt. The bolt hits the hippogriff.
The hippogriff is almost dead.
The hippogriff bites you.
* * * LOW HITPOINT WARNING * * *
The hippogriff pecks you but does no damage.
The hippogriff misses you.
Firing (i - inventory)
d - 45 bolts (quivered)
Press: ? - help, Shift-Dir - straight line, f/p - hippogriff
Aim: a hippogriff (almost dead)
You shoot a bolt. The bolt closely misses the hippogriff.
The hippogriff bites you but does no damage.
The hippogriff pecks you.
* * * LOW HITPOINT WARNING * * *
The hippogriff claws you!
You die...

#.<......# #.######.# ..
#.# #.# ... #.#
###.###### ...
#.####........######.##
#.....................##
######..................
#.............$..#
#........@H(....(#
#................#
#........#########
##########


You could see a hippogriff.

Vanquished Creatures
  A hippogriff (D:7)
  A phantom (D:4)
  4 ogres (D:4)
  A centaur (D:6)
  A water moccasin skeleton (D:5)
  A howler monkey (D:5)
  A crimson imp (D:5)
  3 centaur skeletons (D:4)
  A hound (D:6)
  An orc wizard (D:4)
  Jessica (D:3)
  A gnoll shaman (D:5)
  4 worker ants
  7 adders
  7 gnolls
  2 oozes
  5 worms
  A dart slug (D:2)
  3 leopard geckos
  10 orcs
  A ball python (D:1)
  7 giant cockroaches
  2 goblins
  3 hobgoblins
  8 jackals
  3 kobolds
  8 bats
  3 frilled lizards
  7 rats
98 creatures vanquished.

Notes
Turn   | Place    | Note
-------+----------+-------------------------------------------
     0 | D:1      | IBeShadow the Kobold Hunter began the quest for the Orb.
     0 | D:1      | Reached XP level 1. HP: 12/12 MP: 1/1
   230 | D:1      | Reached skill level 5 in Crossbows
   829 | D:2      | Reached XP level 2. HP: 18/18 MP: 2/2
   855 | D:2      | Reached skill level 1 in Short Blades
  1112 | D:2      | Reached XP level 3. HP: 14/22 MP: 3/3
  1679 | D:2      | Reached XP level 4. HP: 25/27 MP: 4/4
  2431 | D:3      | Reached skill level 6 in Crossbows
  2776 | D:3      | Reached XP level 5. HP: 32/32 MP: 5/5
  2811 | D:3      | Noticed Jessica
  2821 | D:3      | Killed Jessica
  3449 | D:4      | Noticed an ogre
  3454 | D:4      | Noticed an ogre
  3454 | D:4      | Noticed an ogre
  3457 | D:4      | Killed an ogre
  3457 | D:4      | Reached skill level 7 in Crossbows
  3457 | D:4      | Reached XP level 6. HP: 34/38 MP: 6/6
  3474 | D:4      | Killed an ogre
  3503 | D:4      | Killed an ogre
  3503 | D:4      | Reached XP level 7. HP: 25/43 MP: 7/7
  3814 | D:4      | Found Hagaiqan's Distillery.
  3817 | D:4      | Bought a potion of degeneration for 10 gold pieces
  3817 | D:4      | Bought a potion of curing for 30 gold pieces
  3960 | D:4      | Reached skill level 8 in Crossbows
  4426 | D:4      | Reached skill level 5 in Short Blades
  4892 | D:4      | Reached XP level 8. HP: 46/48 MP: 8/8
  5152 | D:5      | Entered Level 5 of the Dungeon
  5202 | D:5      | Reached skill level 5 in Fighting
  5628 | D:5      | Found a white marble altar of Elyvilon.
  5705 | D:5      | Reached skill level 9 in Crossbows
  6047 | D:5      | Found a burning altar of Makhleb.
  6601 | D:6      | Noticed a moth of wrath
  6604 | D:6      | Found a bloodstained altar of Trog.
  6911 | D:6      | Found an ornate altar of the Wu Jian Council.
  6977 | D:6      | Found a blossoming altar of Fedhas.
  6981 | D:6      | Found a glowing silver altar of Zin.
  7072 | D:6      | Found a hide-covered altar of Uskayaw.
  7309 | D:6      | Found an opulent altar of Gozag.
  7309 | D:6      | Found a sparkling altar of Nemelex Xobeh.
  7374 | D:7      | Noticed a hippogriff
  7385 | D:7      | Killed a hippogriff
  7508 | D:7      | Noticed a hippogriff
  7529 | D:7      | Slain by a hippogriff

Skill      XL: |  1  2  3  4  5  6  7  8 |
---------------+-------------------------+-----
Crossbows      | 5 6 7 8 9 |  9.9
Short Blades   | 1 2 3 4 5 6 |  6.4
Fighting       | 3 4 5 |  5.9
Dodging        | |  2.4
Stealth        | |  1.3

Action                   |  1- 3 |  4- 6 |  7- 9 || total
-------------------------+-------+-------+-------++-------
Melee: Short sword       |   132 |     7 |       ||   139
       Rapier            |       |    55 |   186 ||   241
       Dagger            |       |     5 |       ||     5
 Fire: Hand crossbow     |     4 |    39 |    96 ||   139
  Use: Potion            |     4 |       |     5 ||     9
       Scroll            |       |       |     4 ||     4
 Stab: Sleeping          |     1 |       |       ||     1
  Eat: Chunk             |     2 |    14 |    11 ||    27
Armor: Ring mail         |    65 |    26 |    74 ||   165
       Leather armour    |     1 |       |       ||     1
       Skin              |    24 |       |       ||    24
Dodge: Dodged            |   119 |    63 |   147 ||   329
